 Dungeon Crawl Stone Soup version 0.18.1-47-g9310371 (webtiles) character file.

4849 Gargoyl the Protected (level 10, 0/77 HPs)
             Began as a Demonspawn Abyssal Knight on June 16, 2016.
             Was a High Priest of Lugonu.
             Killed from afar by raetorn's ghost (3 damage)
             ... with an orb of energy
             ... on level 9 of the Dungeon.
             The game lasted 00:21:34 (8004 turns).

Gargoyl the Protected (Demonspawn Abyssal Knight)   Turns: 8004, Time: 00:21:34

Health: 0/77       AC: 22    Str: 15    XL:     10   Next: 25%
Magic:  0/12       EV:  8    Int: 13    God:    Lugonu [*****.]
Gold:   487        SH:  9    Dex: 14    Spells: 0 memorised, 9 levels left

rFire  + . .     SeeInvis .     r - +0 war axe
rCold  . . .     Gourm    .     k - +3 chain mail {rN+}
rNeg   + + .     Faith    .     C - +0 shield
rPois  .         Spirit   +     (helmet restricted)
rElec  .         Dismiss  .     t - +0 cloak
rCorr  .         Reflect  .     (no gloves)
SustAt .         Harm     .     (no boots)
MR     +....                    (no amulet)
Stlth  ..........               u - ring of positive energy
                                D - ring of protection from magic

@: exhausted, flying, slowed, very slow, somewhat resistant to hostile
enchantments, extremely unstealthy
A: antennae 1, beak, hooves 2, rough black scales 2, agile 1, fire resistance 1,
powered by death 1, magic shield, sturdy frame 1
a: Depart the Abyss, Bend Space, Banish, Corrupt, Enter the Abyss, Renounce
Religion


You were on level 9 of the Dungeon.
You worshipped Lugonu.
Lugonu was extremely pleased with you.
You were very hungry.

You visited 1 branch of the dungeon, and saw 10 of its levels.
You visited the Abyss 1 time.

You collected 487 gold pieces.

Inventory:

Hand Weapons
 r - a +0 war axe (weapon)
Armour
 b - a +0 helmet
 k - a +3 chain mail of positive energy (worn)
 t - a +0 cloak (worn)
 C - a +0 shield (worn)
Jewellery
 d - a +4 ring of intelligence
 f - an uncursed ring of sustain attributes
 u - a ring of positive energy (right hand)
 y - a +4 ring of evasion
 B - an uncursed ring of poison resistance
 D - a ring of protection from magic (left hand)
Wands
 a - a wand of polymorph (5/24)
 E - a wand of random effects (29/48)
Scrolls
 e - 4 scrolls of teleportation {unknown}
 h - 4 scrolls of enchant weapon {unknown}
 i - 3 scrolls of identify
 n - 3 scrolls of immolation {unknown}
 q - 6 scrolls of remove curse {unknown}
 s - a scroll of random uselessness {unknown}
 F - a scroll of amnesia {unknown}
 H - a scroll of silence {unknown}
Potions
 g - 4 potions of brilliance
 j - a potion of curing
 p - a potion of agility
Comestibles
 c - 7 bread rations
 l - 4 beef jerkies
 m - 2 slices of pizza
 v - a royal jelly
 w - 3 meat rations


   Skills:
 + Level 6.9 Fighting
 + Level 6.8 Axes
 * Level 8.0 Armour
 + Level 5.6 Dodging
 + Level 1.3 Stealth
 + Level 4.1 Shields
 + Level 3.3 Invocations


You had 9 spell levels left.
You didn't know any spells.

Dungeon Overview and Level Annotations

Branches:
Dungeon (10/15)            Temple (0/1) D:7
   Lair: D:8-11         Orc: D:9-12

Altars:
Ashenzari
Dithmenos
Elyvilon
Fedhas
Gozag
Kikubaaqudgha
Nemelex Xobeh
Pakellas
Qazlal
Ru
Sif Muna
Xom
Yredelemnul
Zin

Shops:
D:7 *:

Annotations:
D:9 raetorn's ghost, novice DgCj


Innate Abilities, Weirdness & Mutations

You have hoof-like feet.
You are mostly covered in rough black scales (AC +7, Dex -2).
You regenerate a little health from kills.
When hurt, damage is shared between your health and your magic reserves.
You have a pair of small antennae on your head.
You have a beak for a mouth.
You are agile. (Dex +2)
Your flesh is heat resistant.
Your movements are slightly less encumbered by armour (ER -2).


Message History

* * * LOW HITPOINT WARNING * * *
Raetorn's ghost hits you.
* * * LOW HITPOINT WARNING * * *
You closely miss raetorn's ghost.
You kick raetorn's ghost, but do no damage.
Raetorn's ghost is almost destroyed.
Raetorn's ghost hits you but does no damage.
Raetorn's ghost hits you.
* * * LOW HITPOINT WARNING * * *
You miss raetorn's ghost.
Raetorn's ghost is almost destroyed.
You feel less confused.
Raetorn's ghost hits you but does no damage.
Drink which item? (? for menu, Esc to quit)
It was a potion of flight.
You feel very buoyant.
You fly up into the air.
Raetorn's ghost casts a spell at you. The orb of energy hits you!
You die...

** #, ,, * , #.. , , * ,
...#.., , , , , , ,
...##'################## *
............)...........*,
, ..................... ,
.............# #.... ,# ,
,...##$....W@.# #..####.# ,
,
,.............####.......#
,
.......>..?.............#,,
).......................# *
###########......#'###### *
, , #......+.....# ,
#......#.....# , , ,
#......#.....# , , , ,
#....#.#...<.# ,


You could see raetorn's ghost.

Vanquished Creatures
  Pikel (D:4)
  Sigmund (D:2)
  2 wyverns (D:8)
  A hungry ghost (D:10)
  Edmund (D:5)
  Menkaure (D:7)
  An orc warrior (D:8)
  2 black bears
  A phantom (D:6)
  2 sky beasts
  4 ogres
  A slave (D:4)
  2 centaurs
  A big kobold (D:8)
  8 scorpions
  6 killer bees
  A crimson imp (D:5)
  A giant frog zombie (D:6)
  A quasit (D:10)
  3 giant frog skeletons
  4 orc priests
  5 gnoll shamans (D:6)
  4 hounds
  7 orc wizards
  2 centaur skeletons
  Crazy Yiuf (D:3)
  Jessica (D:3)
  4 iguanas
  3 worker ants
  Terence (D:2)
  A hound zombie (D:5)
  A hound skeleton (D:5)
  A worker ant zombie (D:5)
  Robin (D:3)
  13 adders
  39 gnolls
  A shadow imp (D:8)
  An adder skeleton (D:5)
  5 dart slugs
  8 giant geckos
  18 orcs
  2 ball pythons
  10 bats
  11 giant cockroaches
  16 goblins
  7 hobgoblins
  23 jackals
  3 quokkas
  A giant gecko skeleton (D:5)
  5 giant newts
  14 kobolds
  A quokka zombie (D:7)
  8 rats
  A butterfly (D:7)
264 creatures vanquished.

Vanquished Creatures (others)
  A crimson imp (D:5)
  A plant (D:6)
2 creatures vanquished.

Grand Total: 266 creatures vanquished

Notes
Turn   | Place    | Note
--------------------------------------------------------------
     0 | Abyss:1  | Gargoyl the Demonspawn Abyssal Knight began the quest for the Orb.
     0 | Abyss:1  | Reached XP level 1. HP: 18/18 MP: 2/2
    40 | Abyss:1  | Noticed a large abomination
   114 | Abyss:2  | Noticed a smoke demon
   150 | Abyss:2  | Noticed an iron imp
   156 | D:1      | Escaped the Abyss
   366 | D:1      | Gained mutation: You regenerate a little health from kills. [demonic ancestry]
   366 | D:1      | Reached XP level 2. HP: 24/24 MP: 4/4
   378 | D:1      | Reached * piety under Lugonu
   385 | D:1      | Reached skill level 1 in Dodging
   409 | D:1      | Reached skill level 2 in Armour
   528 | D:1      | Gained mutation: You are partially covered in rough black scales (AC +4, Dex -1). [demonic ancestry]
   528 | D:1      | Reached XP level 3. HP: 29/29 MP: 5/5
   867 | D:2      | Noticed Terence
   880 | D:2      | Gained mutation: You have large cloven feet. [potion of mutation]
   880 | D:2      | Gained mutation: You have a beak for a mouth. [potion of mutation]
   880 | D:2      | Gained mutation: You evolve. [potion of mutation]
   907 | D:2      | Killed Terence
  1006 | D:2      | Reached XP level 4. HP: 33/37 MP: 6/6
  1011 | D:2      | Reached ** piety under Lugonu
  1033 | D:2      | Noticed Sigmund
  1049 | D:2      | Killed Sigmund
  1049 | D:2      | Gained mutation: When hurt, damage is shared between your health and your magic reserves. [demonic ancestry]
  1049 | D:2      | Reached XP level 5. HP: 37/42 MP: 7/7
  1090 | D:2      | Reached skill level 1 in Stealth
  1207 | D:2      | Found an oddly glowing altar of Pakellas.
  1372 | D:2      | Gained mutation: Scrolls take you a little longer to read. [evolution]
  1456 | D:3      | Gained mutation: You are mostly covered in rough black scales (AC +7, Dex -2). [demonic ancestry]
  1456 | D:3      | Reached XP level 6. HP: 49/49 MP: 8/8
  1922 | D:3      | Noticed Jessica
  1930 | D:3      | Killed Jessica
  1930 | D:3      | Reached skill level 3 in Armour
  1944 | D:3      | Noticed Robin
  1963 | D:3      | Reached *** piety under Lugonu
  1971 | D:3      | Killed Robin
  2203 | D:3      | Noticed Crazy Yiuf
  2215 | D:3      | Killed Crazy Yiuf
  2279 | D:3      | Reached skill level 1 in Shields
  2479 | D:4      | Reached XP level 7. HP: 52/55 MP: 7/9
  2700 | D:4      | Reached skill level 4 in Armour
  2702 | D:4      | HP: 1/55 [scorpion (2)]
  3085 | D:5      | Entered Level 5 of the Dungeon
  3088 | D:5      | Noticed Edmund
  3114 | D:5      | Killed Edmund
  3114 | D:5      | Reached skill level 5 in Fighting
  3114 | D:5      | Gained mutation: You have hoof-like feet. [demonic ancestry]
  3114 | D:5      | Reached XP level 8. HP: 47/62 MP: 6/10
  3133 | D:5      | Reached skill level 5 in Armour
  3222 | D:5      | Noticed Pikel
  3222 | D:5      | Gained mutation: You have a pair of small antennae on your head. [evolution]
  3279 | D:4      | Killed Pikel
  3279 | D:4      | Reached **** piety under Lugonu
  3512 | D:5      | Found an ancient bone altar of Kikubaaqudgha.
  3513 | D:5      | Found a blossoming altar of Fedhas.
  3583 | D:5      | Reached skill level 5 in Axes
  3608 | D:5      | Found a white marble altar of Elyvilon.
  3622 | D:5      | Reached skill level 6 in Armour
  3813 | D:5      | Gained mutation: Your system is resistant to poisons. [potion of mutation]
  3962 | D:5      | Reached XP level 9. HP: 69/69 MP: 11/11
  4513 | D:6      | Reached ***** piety under Lugonu
  4631 | D:6      | Reached skill level 5 in Dodging
  5720 | D:6      | Reached skill level 7 in Armour
  5770 | D:6      | Gained mutation: Your movements are slightly less encumbered by armour (ER -2). [evolution]
  5847 | D:6      | Lost mutation: Scrolls take you a little longer to read. [mutagenic meat]
  5848 | D:6      | Gained mutation: You have hooves in place of feet. [mutagenic meat]
  5849 | D:6      | Gained mutation: Your flesh is heat resistant. [mutagenic meat]
  5851 | D:6      | Gained mutation: You passively map a small area around you. [mutagenic meat]
  5915 | D:7      | Found an opulent altar of Gozag.
  5930 | D:7      | Found Gozag's Platinum Reserve.
  5946 | D:7      | Found a deep blue altar of Sif Muna.
  5946 | D:7      | Found a shimmering altar of Xom.
  6018 | D:7      | Found a staircase to the Ecumenical Temple.
  6048 | D:7      | Found a sparkling altar of Nemelex Xobeh.
  6054 | D:7      | Noticed Menkaure
  6060 | D:7      | Killed Menkaure
  6103 | D:7      | Found a glowing silver altar of Zin.
  6135 | D:7      | Found a basalt altar of Yredelemnul.
  6156 | D:7      | Found a shadowy altar of Dithmenos.
  6449 | D:7      | Found Ronaecakh's Book Emporium.
  6478 | D:8      | Reached XP level 10. HP: 70/77 MP: 8/12
  6850 | D:8      | Found a stormy altar of Qazlal.
  7070 | D:8      | Gained mutation: You are agile. (Dex +2) [evolution]
  7223 | D:8      | Found a sacrificial altar of Ru.
  7223 | D:8      | Found a shattered altar of Ashenzari.
  7584 | D:9      | Noticed raetorn's ghost (novice DgCj)
  7624 | D:9      | HP: 1/77 [raetorn's ghost/magic dart (9)]
  7626 | D:10     | Entered Level 10 of the Dungeon
  7635 | D:10     | HP: 3/77 [centaur (5)]
  7636 | D:10     | HP: 1/77 [centaur (2)]
  7637 | D:10     | Lost mutation: You passively map a small area around you. [potion of cure mutation]
  7637 | D:10     | Lost mutation: Your system is resistant to poisons. [potion of cure mutation]
  7637 | D:10     | Lost mutation: You evolve. [potion of cure mutation]
  7637 | D:10     | Lost mutation: You have hooves in place of feet. [potion of cure mutation]
  7665 | D:10     | Reached skill level 8 in Armour
  8002 | D:9      | HP: 3/77 [raetorn's ghost (3)]
  8004 | D:9      | Killed from afar by raetorn's ghost

Skill      XL: |  1  2  3  4  5  6  7  8  9 10 |
---------------+-------------------------------+-----
Dodging        | 1 2 3 4 5 |  5.6
Armour         | 2 3 4 6 7 8 |  8.0
Axes           | 2 3 4 5 6 |  6.8
Fighting       | 4 5 6 |  6.9
Stealth        | 1 |  1.3
Shields        | 1 2 3 4 |  4.1
Invocations    | 3 |  3.3

Action                   |  1- 3 |  4- 6 |  7- 9 | 10-12 || total
-------------------------+-------+-------+-------+-------++-------
Melee: Hand axe          |   135 |    36 |       |       ||   171
       Kick              |    10 |    36 |   164 |    71 ||   281
       Peck              |     9 |    27 |   118 |    32 ||   186
       War axe           |       |   165 |   722 |   194 ||  1081
Invok: Depart the Abyss  |     1 |       |       |       ||     1
       Banish            |       |       |     1 |       ||     1
  Use: Potion            |     5 |       |     4 |     7 ||    16
       Scroll            |       |       |     4 |     1 ||     5
 Stab: Invisible         |       |     1 |       |     6 ||     7
  Eat: Chunk             |     1 |     5 |    13 |     4 ||    23
       Fruit             |       |       |     8 |       ||     8
       Meat ration       |       |       |       |     2 ||     2
       Pizza             |       |       |       |     1 ||     1
Armor: Leather armour    |    37 |       |       |       ||    37
       Chain mail        |    20 |   178 |   710 |   125 ||  1033
       Skin              |       |       |    23 |       ||    23
Dodge: Dodged            |   105 |    71 |   417 |   104 ||   697
Block: Buckler           |     2 |    35 |   204 |       ||   241
       Shield            |       |       |    25 |   106 ||   131
